 Dungeon Crawl Stone Soup version 0.27-a0-836-gfc908b8576 (webtiles) character file.

Game seed: 14747826606824273485

11356 leviel the Fighter (level 11, 0/72 HPs)
             Began as a Gargoyle Fighter on Mar 31, 2021.
             Was the Champion of Zin.
             Slain by a sun demon (4 damage)
             ... summoned by an orc high priest
             ... on level 2 of the Orcish Mines.
             The game lasted 00:30:21 (13192 turns).

leviel the Fighter (Gargoyle Fighter)              Turns: 13192, Time: 00:30:22

Health: 0/72       AC: 17    Str: 23    XL:     11   Next: 76%
Magic:  18/18      EV:  3    Int: 11    God:    Zin [******]
Gold:   1274       SH: 19    Dex: 15    Spells: 10/10 levels left

rFire    . . .     SeeInvis .   j - +1 spear (vorpal)
rCold    . . .     Faith    .   x - +3 tower shield
rNeg     + + .     Spirit   .   h - +3 plate armour
rPois    ∞         Reflect  .   v - +0 helmet
rElec    +         Harm     .   d - +2 cloak
rCorr    .         Rampage  .   y - +1 pair of gloves of Twilight {rN+ Will+ Int+2}
Will     +....                  k - +0 pair of boots
Stlth    ..........             g - amulet of the acrobat
HPRegen  0.22/turn              a - +6 ring of dexterity
MPRegen  0.16/turn              (no ring)

@: corroded
A: AC +8, negative energy resistance 1, electricity resistance, torment
resistance 1, unbreathing 1, petrification resistance
a: Renounce Religion, Recite, Vitalisation, Imprison, Sanctuary, Donate Gold


You were on level 2 of the Orcish Mines.
You worshipped Zin.
Zin was exalted by your worship.
You visited 2 branches of the dungeon, and saw 13 of its levels.

You collected 1853 gold pieces.
You spent 395 gold pieces at shops.
You donated 184 gold pieces to Zin.

Inventory:

Hand Weapons
 j - a +1 vorpal spear (weapon)
Armour
 d - a +2 cloak (worn)
 h - a +3 plate armour (worn)
 k - a +0 pair of boots (worn)
 v - a +0 helmet (worn)
 x - a +3 tower shield (worn)
 y - the +1 pair of gloves of Twilight (worn) {rN+ Will+ Int+2}
   (You found it on level 7 of the Dungeon)

   It affects your intelligence (+2).
   It protects you from negative energy.
   It increases your willpower.
Jewellery
 a - a +6 ring of dexterity (left hand)
 g - an amulet of the acrobat (around neck)
Wands
 E - a wand of acid (6)
Scrolls
 s - a scroll of magic mapping
Potions
 b - 7 potions of curing
 e - 3 potions of cancellation
 f - 2 potions of brilliance
 m - a potion of flight
 n - a potion of heal wounds
Miscellaneous
 D - a phantom mirror


   Skills:
 + Level 10.3 Fighting
 * Level 9.4 Polearms
 - Level 8.3 Armour
 - Level 0.1 Dodging
 - Level 6.3 Shields
 - Level 10.1 Invocations


You had 10 spell levels left.
You didn't know any spells.
Your spell library contained the following spells:

 Spells                   Type           Power      Damage    Failure   Level
 Ignite Poison            Fire/Tmut/Pois 0%         N/A       100%        3
 Petrify                  Tmut/Erth      0%         N/A       100%        4
 Alistair's Intoxication  Tmut/Pois      0%         N/A       100%        5
 Irradiate                Conj/Tmut      0%         3d13      100%        5
 Eringya's Noxious Bog    Tmut/Pois      0%         N/A       100%        6
 Sublimation of Blood     Necr           Unusable   N/A       N/A         2

Dungeon Overview and Level Annotations

Branches:
Dungeon (11/15)            Temple (0/1) D:4            Lair (0/6) D:11
    Orc (2/2) D:10            Elf (0/3) Orc:2

Altars:
Ashenzari
Elyvilon
Gozag
Hepliaklqana
Kikubaaqudgha
Makhleb
Nemelex Xobeh
Ru
Vehumet
Xom
Yredelemnul
Zin
The Shining One
Beogh

Shops:
D:3 :!   D:7 :   Orc:2 *

Annotations:
D:9 Maurice
Orc:1 2 runed translucent doors, sleeves's ghost, journeyman GrWz


Innate Abilities, Weirdness & Mutations

Your stone body is resilient. (AC +8)
You are immune to poison.
You resist negative energy. (rN+)
You are resistant to electric shocks. (rElec)
You are resistant to unholy torment.
You can survive without breathing.
You are immune to petrification.


Message History

The sun demon hits you but does no damage.
You block the rust devil's attack.
You hit the orc high priest but do no damage.
The orc high priest is lightly wounded.
You block the sun demon's attack.
The orc high priest hits you but does no damage.
The rust devil hits you. The rust devil corrodes you!
You hit the orc high priest but do no damage.
The orc high priest is lightly wounded.
The sun demon barely misses you. You block the orc high priest's attack.
You block the rust devil's attack.
You hit the orc high priest but do no damage.
The orc high priest is lightly wounded.
You block the sun demon's attack. You block the orc high priest's attack.
The sun demon hits you!
You are engulfed in flames!
* * * LOW HITPOINT WARNING * * *
You block the rust devil's attack.
You are too injured to fight recklessly!
You are too injured to fight recklessly!
You are too injured to fight recklessly!
You are too injured to fight recklessly!
You are too injured to fight recklessly!
You are too injured to fight recklessly!
You are too injured to fight recklessly!
You are too injured to fight recklessly!
You are too injured to fight recklessly!
You are too injured to fight recklessly!
Unknown command.
You block the orc high priest's attack. The sun demon closely misses you.
Okay, then.
The smoke demon gestures at you. Beogh smites you!
* * * LOW HITPOINT WARNING * * *
You block the sun demon's attack.
Items here: )) [[ †.
The sun demon barely misses you.
Items here: )))) [[[ †.
There is a stone staircase leading up here.
The sun demon hits you.
You die...

....##...##............##
##...#####..###......###
# #.........###......#.#
#........###.o......##
..........##.......##
.....#....##........#
..#.##.......4####.## .
###........3## ###
##.#.....#@# ####..#####
#..#.## ###...# ##.## ###


You could see an orc high priest, a sun demon (summoned) and a rust devil
(summoned).

Vanquished Creatures
  3 two-headed ogres (D:9)
  Pikel (D:8)
  A deep elf pyromancer (D:10)
  2 kobold demonologists
  2 trolls
  A wyvern (D:10)
  17 yaks
  2 vampire mosquitoes (D:11)
  2 wargs (Orc:2)
  4 water moccasins
  6 orc warriors
  An ice beast (D:6)
  3 black bears
  A hornet zombie (D:6)
  A necrophage (D:5)
  4 ogres
  A phantom (D:5)
  6 centaurs
  4 kobold brigands
  2 scorpions
  A water moccasin zombie (D:7)
  A killer bee (D:10)
  3 wights (D:8)
  A howler monkey (D:3)
  3 bullfrog zombies
  2 centaur zombies
  2 centaur skeletons
  Crazy Yiuf (D:3)
  2 bullfrog skeletons
  3 orc priests
  5 hounds
  A gnoll shaman (D:5)
  Jessica (D:2)
  2 iguanas (D:5)
  Natasha (thrice) (D:2)
  14 orc wizards
  A killer bee zombie (D:7)
  A hound skeleton (D:5)
  3 gnolls (D:5)
  8 adders
  2 shadow imps
  2 white imps
  3 worms
  2 dart slugs
  36 orcs
  7 ball pythons
  6 endoplasms
  4 giant cockroaches
  6 hobgoblins
  11 jackals
  6 quokkas
  5 bats
  2 frilled lizards
  A goblin (D:1)
  15 kobolds
  5 rats
235 creatures vanquished.

Vanquished Creatures (others)
  A howler monkey simulacrum (D:10)
1 creature vanquished.

Grand Total: 236 creatures vanquished

Notes
Turn   | Place    | Note
-------+----------+-------------------------------------------
     0 | D:1      | leviel the Gargoyle Fighter began the quest for the Orb.
     0 | D:1      | Reached XP level 1. HP: 14/14 MP: 1/1
   174 | D:1      | Reached XP level 2. HP: 15/19 MP: 2/2
   856 | D:2      | Reached XP level 3. HP: 23/23 MP: 3/3
   870 | D:2      | Noticed Jessica
   872 | D:2      | Noticed Natasha
   878 | D:2      | Killed Jessica
   889 | D:2      | Killed Natasha
   890 | D:2      | Reached XP level 4. HP: 21/29 MP: 4/4
  1079 | D:2      | Noticed Natasha
  1085 | D:2      | Killed Natasha
  1206 | D:2      | Found a basalt altar of Yredelemnul.
  1289 | D:2      | Found a sparkling altar of Nemelex Xobeh.
  1314 | D:2      | Noticed Natasha
  1322 | D:2      | Killed Natasha
  1323 | D:2      | Reached XP level 5. HP: 34/34 MP: 5/5
  1653 | D:2      | Found a glowing silver altar of Zin.
  1653 | D:2      | Found a radiant altar of Vehumet.
  1785 | D:2      | Became a worshipper of Zin the Law-Giver
  1785 | D:2      | Reached * piety under Zin
  1956 | D:3      | Found a broken altar of Ashenzari.
  2038 | D:3      | Found Otef Xig's Book Shop.
  2092 | D:3      | Found a white marble altar of Elyvilon.
  2128 | D:3      | Reached XP level 6. HP: 39/39 MP: 6/6
  2138 | D:3      | Found Wyniruth's Distillery.
  2146 | D:3      | Bought a potion of heal wounds for 65 gold pieces
  2212 | D:3      | Found a runed translucent door.
  2213 | D:3      | Noticed Crazy Yiuf
  2218 | D:3      | Killed Crazy Yiuf
  2483 | D:4      | Noticed a water moccasin
  2515 | D:4      | Killed a water moccasin
  2516 | D:4      | Reached skill level 5 in Fighting
  2516 | D:4      | Reached skill level 5 in Polearms
  2696 | D:4      | Reached XP level 7. HP: 44/44 MP: 7/7
  2879 | D:4      | Reached ** piety under Zin
  3164 | D:4      | Found a staircase to the Ecumenical Temple.
  3172 | D:4      | Donated 51 gold pieces to Zin
  3202 | D:5      | Entered Level 5 of the Dungeon
  3388 | D:5      | Reached skill level 5 in Armour
  3400 | D:5      | Reached XP level 8. HP: 47/50 MP: 6/8
  3679 | D:5      | Reached skill level 5 in Shields
  3753 | D:5      | Found a hazy altar of Hepliaklqana.
  3753 | D:5      | Found a glowing golden altar of the Shining One.
  3963 | D:5      | Found an ancient bone altar of Kikubaaqudgha.
  4975 | D:6      | Reached skill level 1 in Invocations
  5015 | D:6      | Reached XP level 9. HP: 48/54 MP: 10/10
  5877 | D:7      | Identified the +1 pair of gloves of Twilight {rN+ Will+
                  | Int+2}
  6039 | D:7      | Found an opulent altar of Gozag.
  6039 | D:7      | Found a burning altar of Makhleb.
  6175 | D:7      | Reached *** piety under Zin
  6242 | D:7      | Reached skill level 5 in Invocations
  6271 | D:7      | Found Qoer's Book Shop.
  6298 | D:7      | Found a shimmering altar of Xom.
  6553 | D:7      | Found a sacrificial altar of Ru.
  6806 | D:8      | Found the +5 robe of Misfortune {*Contam Harm *Corrode
                  | *Drain *Slow EV+5}
  6854 | D:8      | Reached **** piety under Zin
  6962 | D:8      | Noticed Pikel
  6996 | D:8      | Killed Pikel
  7508 | D:9      | Noticed a two-headed ogre
  7540 | D:10     | Entered Level 10 of the Dungeon
  7567 | D:10     | Reached XP level 10. HP: 28/59 MP: 16/16
  7843 | D:10     | Identified the +1 leather armour "Foxton" {SInv}
  7879 | D:10     | Noticed a two-headed ogre
  7885 | D:10     | Noticed a kobold demonologist
  7890 | D:10     | Noticed a kobold demonologist
  7901 | D:10     | Noticed a smoke demon
  7924 | D:9      | Killed a two-headed ogre
  7925 | D:9      | Reached skill level 10 in Invocations
  8096 | D:9      | Killed a kobold demonologist
  8110 | D:10     | Killed a kobold demonologist
  8566 | D:10     | Noticed a deep elf pyromancer
  8777 | D:9      | Killed a two-headed ogre
  9162 | D:9      | Reached XP level 11. HP: 65/68 MP: 18/18
  9185 | D:9      | Noticed a two-headed ogre
  9468 | D:9      | Killed a two-headed ogre
  9582 | D:9      | Noticed Maurice
 10689 | D:10     | Identified a scroll of acquirement
 10689 | D:10     | Acquired 1086 gold pieces
 10690 | D:10     | Reached ***** piety under Zin
 10786 | D:10     | Found a staircase to the Orcish Mines.
 10872 | D:10     | Killed a deep elf pyromancer
 11342 | D:11     | Reached skill level 10 in Fighting
 11386 | D:11     | Noticed a four-headed hydra
 11618 | D:11     | Found a staircase to the Lair.
 12024 | Orc:1    | Entered Level 1 of the Orcish Mines
 12177 | Orc:2    | Entered Level 2 of the Orcish Mines
 12177 | Orc:2    | Found a staircase to the Elven Halls.
 12244 | Orc:2    | Reached ****** piety under Zin
 12998 | Orc:2    | Found Alarphif's Assorted Antiques.
 13008 | Orc:2    | Bought a bronze ring for 110 gold pieces
 13008 | Orc:2    | Bought a knobbly emerald ring for 110 gold pieces
 13008 | Orc:2    | Bought an agate ring for 110 gold pieces
 13018 | Orc:2    | Noticed an orc high priest
 13038 | Orc:1    | Found a runed translucent gate.
 13038 | Orc:1    | Found a runed translucent gate.
 13038 | Orc:1    | Noticed sleeves's ghost (journeyman GrWz)
 13173 | Orc:2    | Noticed a sun demon
 13184 | Orc:2    | HP: 3/72 [smoke demon/divine providence[an orc high priest]
                  | (13)]
 13192 | Orc:2    | Slain by a sun demon

Illustrated notes

Levels and vault maps discovered:
D:1:      heliophobic_arrival_battle_scene, layout_loops_ring
D:2:      layout_basic, nemelex_altar_shiori, gammafunk_temple_overflow_statue,
          general_overflow_altar, minmay_joined_circles, uniq_natasha,
          uniq_jessica
D:3:      layout_rooms, nicolae_elyvilon_peaceful_grove, serial_shops, shop,
          shop, nicolae_ashenzari_panopticon, uniq_crazy_yiuf_cottage
D:4:      layout_cave_pools, minmay_temple_entry_poolview,
          small_statue_intersection
D:5:      layout_basic, nicolae_kikubaaqudgha_miasma_corner,
          chequers_temple_overflow_statue_of_worship
D:6:      layout_basic, chequers_serial_rivers_micro_d, nrook_campfire,
          minmay_quadrilaterals
D:7:      layout_loops_ring, nicolae_overflow_crystal_walls,
          gammafunk_temple_overflow_wave, nicolae_ru_great_annihilating_truth,
          serial_shops, nicolae_shop_behind_doors, hangedman_decor_push
D:8:      layout_rooms, uniq_pikel
D:9:      layout_roguey, uniq_maurice
D:10:     minmay_clustersquares, layout_rooms, hiddenorc1_lemuel
D:11:     layout_basic, lair_entry_dummy
Orc:1:    layout_diamond_mine, gammafunk_ghost_split, serial_shops, shop,
          minmay_orc_temple_a
Orc:2:    grunt_orc_community_town_hall, layout_diamond_mine,
          grunt_orc_community_big_house_1, grunt_orc_community_big_house_2,
          grunt_orc_community_house_2, grunt_orc_community_house_3,
          grunt_orc_community_house_2, grunt_orc_community_house_1,
          serial_shops, shop, shop, uniq_nessos, uniq_erolcha

Skill      XL: |  1  2  3  4  5  6  7  8  9 10 11 |
---------------+----------------------------------+-----
Polearms       | 2 3 4 5 7 9 |  9.4
Fighting       | 4 5 8 10 | 10.3
Armour         | 5 8 |  8.3
Shields        | 4 6 |  6.3
Invocations    | 1 8 10 | 10.1
Dodging        | |  0.1

Action                   |  1- 3 |  4- 6 |  7- 9 | 10-12 || total
-------------------------+-------+-------+-------+-------++-------
Melee: Trident           |    66 |       |       |       ||    66
       Spear             |    22 |   181 |   560 |   907 ||  1670
Invok: Vitalisation      |       |       |     1 |     4 ||     5
       Donate Gold       |       |       |     1 |       ||     1
       Recite            |       |       |       |     2 ||     2
Evoke: Wand              |       |       |     1 |    33 ||    34
  Use: Scroll            |     2 |     3 |     9 |    14 ||    28
       Potion            |       |     1 |     3 |     9 ||    13
 Stab: Paralysed         |       |       |     1 |       ||     1
       Confused          |       |       |       |     2 ||     2
Armor: Scale mail        |    39 |       |       |       ||    39
       Plate armour      |    18 |   126 |   326 |   498 ||   968
Dodge: Dodged            |    27 |    37 |    50 |    94 ||   208
Block: Kite shield       |    35 |    85 |     5 |       ||   125
       Tower shield      |       |       |   539 |   864 ||  1403

Table legend: (Time is in decaauts)
 A = Elapsed time spent in this place.
 B = Non-inter-level travel time spent in this place.
 C = Inter-level travel time spent in this place.
 D = Time resting spent in this place.
 E = Time spent auto-exploring this place.
 F = Levels seen in this place.
 G = Mean time per level.
                   A        B        C        D        E       F      G
               +--------+--------+--------+--------+--------+-----+--------+
         Total |  13454 |  12947 |    507 |   2828 |   6969 |  13 | 1034.9 |
       Dungeon |  12281 |  11786 |    495 |   2452 |   6551 |  11 | 1116.5 |
  Orcish Mines |   1173 |   1162 |     11 |    376 |    418 |   2 |  586.5 |
               +--------+--------+--------+--------+--------+-----+--------+

Top non-repeatable levels by time:
    D:10: 2610 daAuts
     D:9: 1824 daAuts
     D:5: 1324 daAuts
     D:6: 1316 daAuts
     D:2: 1101 daAuts
   Orc:2: 973 daAuts
     D:7: 938 daAuts
     D:8: 784 daAuts
     D:1: 784 daAuts
     D:4: 732 daAuts
     D:3: 661 daAuts
    D:11: 202 daAuts
   Orc:1: 200 daAuts
